[ AOE2 MATCH · #507853178 ]
UnrankedItalians vs Maya
[ REPLAY ANALYSIS · EXTRACTED FROM THE RECORDED GAME ]
Feudal
13:55
Castle
—
Imperial
—
| APM avg | 10.6 |
| APM peak | 64 |
| eAPM avg | 5.2 |
| Villagers / military | 27 / 0 |
Focus
⚔️ 19.6% · 🌾 80.4%
Fishing Ship ×10
Feudal
13:06
Castle
17:05
Imperial
39:23
| APM avg | 37.4 |
| APM peak | 89 |
| eAPM avg | 17.8 |
| Villagers / military | 149 / 135 |
Focus
⚔️ 37.1% · 🌾 62.9%
Skirmisher ×75 · Plumed Archer ×54 · Fishing Ship ×7 · Spearman ×6
Feudal
12:56
Castle
18:17
Imperial
—
| APM avg | 46.8 |
| APM peak | 84 |
| eAPM avg | 18.3 |
| Villagers / military | 121 / 105 |
Focus
⚔️ 27.0% · 🌾 73.0%
Archer ×104 · Fishing Ship ×20 · Mangonel ×1
Feudal
13:00
Castle
21:31
Imperial
41:16
| APM avg | 27.5 |
| APM peak | 65 |
| eAPM avg | 18.7 |
| Villagers / military | 183 / 98 |
Focus
⚔️ 36.4% · 🌾 63.6%
Skirmisher ×51 · Cavalry Archer ×39 · Fishing Ship ×5 · Unknown (2626) ×5 · Trebuchet (Packed) ×3 · Galley ×2
Feudal
17:07
Castle
24:38
Imperial
40:04
| APM avg | 27.6 |
| APM peak | 52 |
| eAPM avg | 14.7 |
| Villagers / military | 175 / 76 |
Focus
⚔️ 21.5% · 🌾 78.5%
Spearman ×52 · Fishing Ship ×19 · Galley ×11 · Flemish Militia ×6 · Unknown (2626) ×5 · Cannon Galleon ×4
Feudal
13:30
Castle
16:48
Imperial
35:23
| APM avg | 40.4 |
| APM peak | 80 |
| eAPM avg | 23.3 |
| Villagers / military | 161 / 119 |
Focus
⚔️ 34.2% · 🌾 65.8%
Knight ×83 · Skirmisher ×24 · Fishing Ship ×11 · Hand Cannoneer ×7 · Trebuchet (Packed) ×5
Feudal
14:04
Castle
21:17
Imperial
43:13
| APM avg | 33.0 |
| APM peak | 59 |
| eAPM avg | 16.3 |
| Villagers / military | 98 / 84 |
Focus
⚔️ 37.9% · 🌾 62.1%
Genoese Crossbowman ×38 · Spearman ×30 · Fire Galley ×9 · Fishing Ship ×5 · Monk ×2 · Archer ×2
Feudal
13:07
Castle
25:06
Imperial
32:02
| APM avg | 61.4 |
| APM peak | 100 |
| eAPM avg | 28.9 |
| Villagers / military | 124 / 213 |
Focus
⚔️ 37.5% · 🌾 62.5%
Skirmisher ×104 · Elephant Archer ×72 · Fishing Ship ×23 · Galley ×21 · Bombard Cannon ×10 · Unknown (2626) ×8
Match map
Initial resources + every placement click. Lines = walls · curves = elevation contours. ◆ gold · ⬟ stone · ● berries · ✦ relic · ◌ wall gap
Your base· Open — unwalled flank
[GDL] R_Oak's base· Open — 5t gap
Eldiano's base· Open — unwalled flank
KhalDrogo's base· Open — 4t gap
Barbaren's base· Open — 8t gap
El Osicudo69's base· Open — 15t gap
Lexa's base· Open — 6t gap
AiM | Foreign Dish's base· Open — 6t gap
Smoothed initial terrain · ◌ = detected wall gap · hover for details
Inputs per minute
— _Ctm_NeO_ - - [GDL] R_Oak
Build order — _Ctm_NeO_
56 actions detected in the replay
| 0:30 | Build | Town Center |
| 0:47 | Build | Town Center |
| 1:02 | Build | Dock |
| 1:05 | Build | House |
| 2:59 | Queue | Villager (Male) |
| 2:59 | Queue | Villager (Male) |
| 3:00 | Queue | Villager (Male) |
| 3:30 | Queue | Villager (Male) |
| 3:40 | Research | Loom |
| 3:40 | Research | Loom |
| 3:40 | Research | Loom |
| 3:45 | Queue | Fishing Ship |
| 3:46 | Queue | Fishing Ship |
| 4:18 | Queue | Villager (Male) |
| 4:32 | Queue | Fishing Ship |
| 4:32 | Queue | Fishing Ship |
| 5:20 | Queue | Villager (Male) |
| 5:20 | Queue | Villager (Male) |
| 5:32 | Queue | Fishing Ship |
| 5:32 | Queue | Fishing Ship |
| 5:55 | Queue | Villager (Male) |
| 5:55 | Queue | Villager (Male) |
| 5:56 | Queue | Villager (Male) |
| 5:57 | Queue | Villager (Male) |
| 6:07 | Build | House |
| 6:31 | Queue | Villager (Male) |
| 6:31 | Queue | Villager (Male) |
| 6:31 | Queue | Villager (Male) |
| 6:38 | Queue | Villager (Male) |
| 6:52 | Queue | Fishing Ship |
| 6:56 | Queue | Villager (Male) |
| 7:21 | Queue | Fishing Ship |
| 7:23 | Queue | Villager (Male) |
| 7:23 | Queue | Villager (Male) |
| 7:24 | Queue | Villager (Male) |
| 7:39 | Build | House |
| 8:16 | Build | Mill |
| 8:20 | Queue | Villager (Male) |
| 8:41 | Queue | Villager (Male) |
| 8:47 | Build | House |
| 9:25 | Queue | Villager (Male) |
| 9:48 | Queue | Villager (Male) |
| 10:04 | Queue | Villager (Male) |
| 10:24 | Build | Mill |
| 10:27 | Queue | Villager (Male) |
| 10:41 | Build | House |
| 10:43 | Queue | Fishing Ship |
| 10:43 | Queue | Fishing Ship |
| 10:49 | Queue | Villager (Male) |
| 11:17 | Queue | Villager (Male) |
| 11:20 | Research | Feudal Age |
| 11:21 | Research | Feudal Age |
| 11:32 | Build | Mining Camp |
| 12:04 | Build | House |
| 13:55 | Age | Feudal Age |
| 22:46 | Build | Market |
Build order — [GDL] R_Oak
First 150 of 424 actions detected
| 0:13 | Build | Town Center |
| 0:37 | Build | Dock |
| 0:40 | Build | House |
| 0:57 | Build | House |
| 2:45 | Queue | Villager (Male) |
| 2:45 | Queue | Villager (Male) |
| 2:45 | Queue | Villager (Male) |
| 2:45 | Queue | Villager (Male) |
| 3:55 | Queue | Villager (Male) |
| 3:55 | Queue | Villager (Male) |
| 4:27 | Build | House |
| 4:34 | Queue | Villager (Male) |
| 4:34 | Queue | Villager (Male) |
| 4:35 | Queue | Villager (Male) |
| 5:04 | Queue | Fishing Ship |
| 5:25 | Queue | Villager (Male) |
| 5:25 | Queue | Villager (Male) |
| 5:25 | Queue | Villager (Male) |
| 6:03 | Build | House |
| 6:10 | Queue | Villager (Male) |
| 6:22 | Queue | Fishing Ship |
| 6:32 | Build | House |
| 6:47 | Queue | Villager (Male) |
| 6:47 | Queue | Villager (Male) |
| 7:03 | Queue | Fishing Ship |
| 7:05 | Queue | Villager (Male) |
| 7:06 | Queue | Villager (Male) |
| 7:47 | Queue | Villager (Male) |
| 7:49 | Queue | Fishing Ship |
| 8:17 | Queue | Fishing Ship |
| 8:20 | Queue | Villager (Male) |
| 9:03 | Build | Mill |
| 9:05 | Queue | Villager (Male) |
| 9:05 | Queue | Villager (Male) |
| 9:11 | Queue | Fishing Ship |
| 9:24 | Queue | Villager (Male) |
| 9:34 | Research | Loom |
| 9:38 | Build | House |
| 9:39 | Build | House |
| 10:01 | Queue | Villager (Male) |
| 10:36 | Build | Palisade Wall |
| 10:40 | Queue | Fishing Ship |
| 10:56 | Research | Feudal Age |
| 10:56 | Research | Feudal Age |
| 10:56 | Research | Feudal Age |
| 11:07 | Build | Mining Camp |
| 12:41 | Build | Palisade Wall |
| 12:51 | Build | Palisade Wall |
| 13:02 | Build | Palisade Wall |
| 13:04 | Build | Palisade Gate |
| 13:06 | Age | Feudal Age |
| 13:08 | Queue | Villager (Male) |
| 13:08 | Queue | Villager (Male) |
| 13:22 | Build | Blacksmith |
| 13:35 | Build | Market |
| 13:48 | Build | Blacksmith |
| 13:50 | Queue | Villager (Male) |
| 14:25 | Research | Castle Age |
| 14:30 | Build | Mining Camp |
| 15:04 | Build | Lumber Camp |
| 15:28 | Research | Double-Bit Axe |
| 16:09 | Research | Horse Collar |
| 16:39 | Build | Outpost |
| 17:05 | Age | Castle Age |
| 17:19 | Queue | Villager (Male) |
| 17:19 | Queue | Villager (Male) |
| 17:53 | Queue | Villager (Male) |
| 17:53 | Queue | Villager (Male) |
| 18:14 | Build | Castle |
| 18:22 | Research | Fletching |
| 18:23 | Queue | Villager (Male) |
| 18:24 | Research | Bow Saw |
| 19:00 | Queue | Villager (Male) |
| 19:18 | Queue | Plumed Archer |
| 19:18 | Queue | Plumed Archer |
| 19:37 | Queue | Plumed Archer |
| 19:51 | Queue | Villager (Male) |
| 19:55 | Queue | Villager (Male) |
| 20:18 | Queue | Villager (Male) |
| 20:29 | Queue | Plumed Archer |
| 20:30 | Queue | Plumed Archer |
| 21:32 | Queue | Villager (Male) |
| 21:32 | Queue | Villager (Male) |
| 21:33 | Queue | Villager (Male) |
| 22:09 | Queue | Villager (Male) |
| 22:22 | Build | Town Center |
| 22:25 | Queue | Villager (Male) |
| 22:50 | Queue | Villager (Male) |
| 23:13 | Queue | Villager (Male) |
| 23:13 | Queue | Villager (Male) |
| 23:27 | Build | House |
| 23:29 | Build | House |
| 23:37 | Queue | Villager (Male) |
| 23:37 | Queue | Villager (Male) |
| 23:49 | Build | Farm |
| 23:52 | Queue | Villager (Male) |
| 23:53 | Queue | Villager (Male) |
| 24:05 | Build | Dock |
| 24:11 | Queue | Villager (Male) |
| 24:14 | Build | Farm |
| 24:17 | Queue | Villager (Male) |
| 24:19 | Build | Farm |
| 24:20 | Build | Farm |
| 24:23 | Queue | Villager (Male) |
| 24:26 | Queue | Plumed Archer |
| 24:26 | Queue | Plumed Archer |
| 24:26 | Queue | Plumed Archer |
| 24:32 | Build | House |
| 24:34 | Build | House |
| 24:35 | Build | House |
| 24:40 | Build | Farm |
| 24:43 | Queue | Villager (Male) |
| 24:44 | Queue | Villager (Male) |
| 24:47 | Build | Farm |
| 24:49 | Build | Farm |
| 24:55 | Queue | Plumed Archer |
| 25:07 | Build | Farm |
| 25:09 | Queue | Plumed Archer |
| 25:17 | Queue | Villager (Male) |
| 25:23 | Build | Farm |
| 25:43 | Queue | Villager (Male) |
| 25:44 | Queue | Plumed Archer |
| 25:44 | Queue | Plumed Archer |
| 25:44 | Queue | Plumed Archer |
| 25:53 | Build | Farm |
| 26:05 | Queue | Plumed Archer |
| 26:11 | Queue | Villager (Male) |
| 26:12 | Queue | Villager (Male) |
| 26:14 | Build | Farm |
| 26:15 | Build | Farm |
| 26:16 | Build | Farm |
| 26:35 | Queue | Villager (Male) |
| 26:37 | Build | Farm |
| 26:40 | Build | Farm |
| 26:44 | Build | Town Center |
| 26:46 | Queue | Plumed Archer |
| 26:50 | Research | Bodkin Arrow |
| 27:06 | Queue | Plumed Archer |
| 27:11 | Queue | Villager (Male) |
| 27:12 | Queue | Villager (Male) |
| 27:13 | Queue | Villager (Male) |
| 27:22 | Queue | Plumed Archer |
| 27:26 | Queue | Villager (Male) |
| 27:28 | Queue | Villager (Male) |
| 27:36 | Build | Lumber Camp |
| 27:54 | Queue | Villager (Male) |
| 27:55 | Build | Farm |
| 27:57 | Queue | Villager (Male) |
| 27:58 | Queue | Villager (Male) |
| 27:59 | Queue | Villager (Male) |
Build order — Eldiano
First 150 of 378 actions detected
| 0:24 | Build | Town Center |
| 1:53 | Build | Dock |
| 1:57 | Build | House |
| 2:38 | Research | Loom |
| 2:39 | Queue | Villager (Male) |
| 2:39 | Queue | Villager (Male) |
| 2:43 | Queue | Villager (Male) |
| 2:43 | Queue | Villager (Male) |
| 4:44 | Queue | Fishing Ship |
| 4:44 | Queue | Fishing Ship |
| 5:03 | Queue | Villager (Male) |
| 5:03 | Queue | Villager (Male) |
| 5:30 | Queue | Fishing Ship |
| 5:53 | Queue | Villager (Male) |
| 5:53 | Queue | Villager (Male) |
| 6:20 | Queue | Villager (Male) |
| 6:20 | Queue | Villager (Male) |
| 6:25 | Build | House |
| 6:48 | Queue | Villager (Male) |
| 6:48 | Queue | Villager (Male) |
| 6:48 | Queue | Villager (Male) |
| 6:56 | Queue | Villager (Male) |
| 7:05 | Build | House |
| 7:41 | Queue | Villager (Male) |
| 7:45 | Queue | Fishing Ship |
| 8:06 | Queue | Villager (Male) |
| 8:22 | Queue | Villager (Male) |
| 8:46 | Queue | Villager (Male) |
| 8:52 | Build | Mill |
| 9:25 | Queue | Villager (Male) |
| 10:13 | Build | Mining Camp |
| 10:15 | Queue | Villager (Male) |
| 10:21 | Build | House |
| 10:46 | Research | Feudal Age |
| 11:32 | Build | Outpost |
| 11:50 | Build | Outpost |
| 12:23 | Build | Barracks |
| 12:40 | Build | Outpost |
| 12:55 | Queue | Villager (Male) |
| 12:56 | Age | Feudal Age |
| 13:08 | Build | Lumber Camp |
| 13:12 | Queue | Villager (Male) |
| 13:28 | Queue | Villager (Male) |
| 14:17 | Build | Blacksmith |
| 14:19 | Queue | Villager (Male) |
| 14:50 | Queue | Villager (Male) |
| 14:57 | Build | Archery Range |
| 15:10 | Build | House |
| 15:12 | Build | House |
| 15:37 | Research | Castle Age |
| 15:52 | Queue | Archer |
| 15:52 | Queue | Archer |
| 15:58 | Build | House |
| 16:10 | Queue | Fishing Ship |
| 16:11 | Queue | Fishing Ship |
| 16:20 | Research | Town Watch |
| 16:27 | Build | Watch Tower |
| 16:35 | Queue | Archer |
| 16:35 | Queue | Archer |
| 16:55 | Queue | Archer |
| 17:03 | Queue | Fishing Ship |
| 17:22 | Queue | Archer |
| 17:45 | Build | Mining Camp |
| 17:46 | Queue | Villager (Male) |
| 17:59 | Queue | Archer |
| 18:09 | Queue | Villager (Male) |
| 18:17 | Age | Castle Age |
| 18:23 | Research | Crossbowman (upgrade) |
| 18:41 | Research | Double-Bit Axe |
| 19:09 | Research | Fletching |
| 19:30 | Queue | Archer |
| 19:30 | Queue | Archer |
| 19:32 | Queue | Villager (Male) |
| 19:39 | Queue | Fishing Ship |
| 19:39 | Queue | Fishing Ship |
| 19:54 | Queue | Villager (Male) |
| 20:13 | Queue | Villager (Male) |
| 20:13 | Queue | Villager (Male) |
| 20:18 | Build | Archery Range |
| 20:27 | Queue | Archer |
| 20:28 | Queue | Archer |
| 20:28 | Queue | Archer |
| 20:58 | Queue | Villager (Male) |
| 21:04 | Build | House |
| 21:04 | Build | House |
| 21:28 | Build | House |
| 21:29 | Build | House |
| 21:30 | Build | House |
| 21:31 | Build | House |
| 21:36 | Build | House |
| 21:50 | Build | Watch Tower |
| 21:57 | Queue | Villager (Male) |
| 22:05 | Build | Palisade Wall |
| 22:06 | Queue | Villager (Male) |
| 22:15 | Queue | Villager (Male) |
| 22:20 | Queue | Archer |
| 22:21 | Queue | Archer |
| 22:21 | Queue | Archer |
| 22:29 | Queue | Villager (Male) |
| 22:30 | Queue | Villager (Male) |
| 22:33 | Build | Farm |
| 22:34 | Build | Farm |
| 22:50 | Queue | Fishing Ship |
| 22:50 | Queue | Fishing Ship |
| 22:55 | Research | Bodkin Arrow |
| 23:17 | Build | Palisade Gate |
| 23:27 | Research | Padded Archer Armor |
| 23:32 | Build | Farm |
| 23:37 | Queue | Fishing Ship |
| 23:37 | Queue | Fishing Ship |
| 24:29 | Queue | Villager (Male) |
| 24:29 | Queue | Villager (Male) |
| 24:40 | Queue | Villager (Male) |
| 24:41 | Queue | Villager (Male) |
| 24:42 | Queue | Fishing Ship |
| 24:42 | Queue | Fishing Ship |
| 24:45 | Queue | Archer |
| 24:45 | Queue | Archer |
| 24:45 | Queue | Archer |
| 24:51 | Queue | Villager (Male) |
| 24:54 | Build | House |
| 24:55 | Build | House |
| 25:04 | Queue | Villager (Male) |
| 25:05 | Queue | Villager (Male) |
| 25:36 | Queue | Villager (Male) |
| 25:36 | Queue | Villager (Male) |
| 26:14 | Queue | Villager (Male) |
| 26:14 | Queue | Villager (Male) |
| 26:25 | Build | House |
| 26:25 | Build | House |
| 26:27 | Build | House |
| 26:34 | Build | Castle |
| 26:42 | Build | Archery Range |
| 26:50 | Queue | Archer |
| 26:50 | Queue | Archer |
| 26:51 | Queue | Archer |
| 26:51 | Queue | Archer |
| 26:51 | Queue | Archer |
| 26:51 | Queue | Archer |
| 26:52 | Queue | Archer |
| 27:22 | Build | University |
| 27:24 | Build | House |
| 27:36 | Queue | Fishing Ship |
| 27:38 | Queue | Archer |
| 27:38 | Queue | Archer |
| 27:39 | Queue | Archer |
| 27:52 | Queue | Villager (Male) |
| 27:52 | Queue | Villager (Male) |
| 28:08 | Build | Watch Tower |
| 28:34 | Queue | Fishing Ship |
Build order — KhalDrogo
First 150 of 458 actions detected
| 0:12 | Build | Town Center |
| 0:23 | Build | Dock |
| 0:25 | Build | House |
| 2:33 | Queue | Villager (Male) |
| 2:33 | Queue | Villager (Male) |
| 2:33 | Queue | Villager (Male) |
| 2:33 | Queue | Villager (Male) |
| 2:33 | Queue | Villager (Male) |
| 2:33 | Queue | Villager (Male) |
| 3:54 | Queue | Fishing Ship |
| 3:54 | Queue | Villager (Male) |
| 3:54 | Queue | Villager (Male) |
| 3:55 | Queue | Villager (Male) |
| 3:55 | Queue | Villager (Male) |
| 3:55 | Queue | Villager (Male) |
| 4:12 | Build | House |
| 4:42 | Research | Loom |
| 4:51 | Queue | Fishing Ship |
| 5:25 | Queue | Villager (Male) |
| 5:25 | Queue | Villager (Male) |
| 5:25 | Queue | Villager (Male) |
| 5:25 | Queue | Villager (Male) |
| 5:25 | Queue | Villager (Male) |
| 5:25 | Queue | Villager (Male) |
| 5:48 | Queue | Villager (Male) |
| 5:48 | Queue | Villager (Male) |
| 5:48 | Queue | Villager (Male) |
| 5:48 | Queue | Villager (Male) |
| 5:48 | Queue | Villager (Male) |
| 5:48 | Queue | Villager (Male) |
| 5:51 | Queue | Fishing Ship |
| 6:11 | Queue | Villager (Male) |
| 6:11 | Queue | Villager (Male) |
| 6:11 | Queue | Villager (Male) |
| 6:11 | Queue | Villager (Male) |
| 6:11 | Queue | Villager (Male) |
| 6:11 | Queue | Villager (Male) |
| 6:23 | Build | House |
| 6:33 | Queue | Villager (Male) |
| 6:33 | Queue | Villager (Male) |
| 6:33 | Queue | Villager (Male) |
| 6:33 | Queue | Villager (Male) |
| 6:33 | Queue | Villager (Male) |
| 6:33 | Queue | Villager (Male) |
| 7:04 | Queue | Villager (Male) |
| 7:04 | Queue | Villager (Male) |
| 7:04 | Queue | Villager (Male) |
| 7:04 | Queue | Villager (Male) |
| 7:12 | Build | House |
| 7:32 | Queue | Villager (Male) |
| 7:36 | Queue | Fishing Ship |
| 8:02 | Queue | Villager (Male) |
| 8:23 | Queue | Villager (Male) |
| 8:36 | Queue | Villager (Male) |
| 8:41 | Build | Mill |
| 8:47 | Queue | Villager (Male) |
| 9:06 | Queue | Villager (Male) |
| 9:19 | Build | House |
| 9:46 | Queue | Villager (Male) |
| 9:58 | Build | Lumber Camp |
| 10:47 | Research | Feudal Age |
| 10:54 | Build | Mining Camp |
| 11:00 | Build | House |
| 11:03 | Build | Palisade Wall |
| 11:28 | Queue | Fishing Ship |
| 11:36 | Build | House |
| 11:53 | Queue | Villager (Male) |
| 12:30 | Build | Palisade Wall |
| 13:00 | Age | Feudal Age |
| 13:04 | Research | Double-Bit Axe |
| 13:06 | Research | Gold Mining |
| 13:16 | Build | Dock |
| 13:18 | Queue | Villager (Male) |
| 13:32 | Build | Palisade Wall |
| 13:35 | Queue | Villager (Male) |
| 13:39 | Queue | Fire Galley |
| 13:42 | Queue | Unit 2626 |
| 13:49 | Queue | Villager (Male) |
| 13:59 | Queue | Unit 2626 |
| 14:08 | Build | House |
| 14:09 | Build | Palisade Wall |
| 14:17 | Build | Palisade Wall |
| 14:22 | Queue | Villager (Male) |
| 14:27 | Queue | Unit 2626 |
| 14:28 | Queue | Unit 2626 |
| 14:39 | Queue | Villager (Male) |
| 14:51 | Queue | Unit 2626 |
| 14:52 | Queue | Villager (Male) |
| 14:54 | Build | House |
| 15:33 | Queue | Galley |
| 15:33 | Queue | Galley |
| 15:37 | Build | House |
| 15:53 | Queue | Villager (Male) |
| 16:11 | Queue | Villager (Male) |
| 16:18 | Build | Market |
| 16:39 | Queue | Villager (Male) |
| 16:52 | Build | Blacksmith |
| 17:04 | Build | Mill |
| 17:11 | Research | Horse Collar |
| 17:14 | Queue | Villager (Male) |
| 17:38 | Queue | Villager (Male) |
| 17:53 | Queue | Villager (Male) |
| 18:01 | Build | Farm |
| 18:04 | Build | Farm |
| 18:34 | Build | Farm |
| 18:51 | Research | Castle Age |
| 18:58 | Build | Farm |
| 19:01 | Build | Barracks |
| 19:52 | Queue | Villager (Male) |
| 20:02 | Build | Archery Range |
| 20:13 | Research | Fletching |
| 20:14 | Research | Fletching |
| 20:20 | Queue | Villager (Male) |
| 20:48 | Build | Archery Range |
| 21:31 | Age | Castle Age |
| 21:35 | Queue | Cavalry Archer |
| 21:40 | Build | Town Center |
| 21:45 | Research | Bow Saw |
| 21:47 | Research | Bodkin Arrow |
| 22:10 | Queue | Cavalry Archer |
| 22:15 | Queue | Villager (Male) |
| 22:18 | Queue | Villager (Male) |
| 22:18 | Queue | Villager (Male) |
| 22:33 | Queue | Cavalry Archer |
| 22:49 | Build | Archery Range |
| 23:00 | Queue | Villager (Male) |
| 23:06 | Build | Farm |
| 23:08 | Build | Farm |
| 23:12 | Queue | Cavalry Archer |
| 23:21 | Queue | Villager (Male) |
| 23:29 | Build | House |
| 23:35 | Build | Palisade Wall |
| 23:41 | Queue | Villager (Male) |
| 23:49 | Queue | Cavalry Archer |
| 23:50 | Queue | Cavalry Archer |
| 24:04 | Build | Siege Workshop |
| 24:42 | Build | Lumber Camp |
| 24:48 | Queue | Cavalry Archer |
| 24:48 | Queue | Cavalry Archer |
| 24:58 | Queue | Mangonel |
| 25:03 | Queue | Villager (Male) |
| 25:04 | Queue | Villager (Male) |
| 25:08 | Research | Padded Archer Armor |
| 25:39 | Queue | Villager (Male) |
| 25:40 | Queue | Cavalry Archer |
| 25:40 | Queue | Cavalry Archer |
| 26:08 | Queue | Cavalry Archer |
| 26:08 | Queue | Cavalry Archer |
| 26:24 | Queue | Cavalry Archer |
| 26:24 | Queue | Cavalry Archer |
Build order — Barbaren
First 150 of 433 actions detected
| 2:08 | Build | Town Center |
| 3:33 | Build | Dock |
| 4:06 | Build | House |
| 4:07 | Build | House |
| 4:57 | Queue | Villager (Male) ×4 |
| 4:57 | Research | Loom |
| 6:06 | Queue | Villager (Male) |
| 6:09 | Research | Loom |
| 7:10 | Queue | Villager (Male) |
| 7:16 | Queue | Fishing Ship |
| 7:40 | Build | House |
| 7:48 | Queue | Villager (Male) |
| 8:09 | Queue | Villager (Male) |
| 8:39 | Queue | Villager (Male) |
| 9:07 | Queue | Villager (Male) |
| 9:20 | Queue | Villager (Male) |
| 9:26 | Queue | Fishing Ship |
| 9:44 | Queue | Villager (Male) |
| 10:01 | Queue | Villager (Male) |
| 10:06 | Build | House |
| 10:09 | Queue | Villager (Male) |
| 10:30 | Queue | Villager (Male) |
| 10:34 | Queue | Fishing Ship |
| 10:48 | Build | Palisade Wall |
| 10:55 | Queue | Villager (Male) |
| 11:12 | Queue | Fishing Ship |
| 11:30 | Build | Palisade Gate |
| 11:39 | Queue | Villager (Male) |
| 11:39 | Queue | Villager (Male) |
| 11:40 | Queue | Villager (Male) |
| 11:55 | Research | Tech 906 |
| 12:01 | Build | House |
| 12:09 | Queue | Villager (Male) |
| 12:10 | Queue | Villager (Male) ×2 |
| 12:23 | Build | House |
| 13:05 | Build | House |
| 13:19 | Build | Lumber Camp |
| 13:30 | Queue | Fishing Ship |
| 13:46 | Queue | Villager (Male) |
| 14:13 | Build | House |
| 14:22 | Research | Double-Bit Axe |
| 14:25 | Research | Feudal Age |
| 14:48 | Build | Palisade Gate |
| 15:14 | Build | Palisade Wall |
| 15:16 | Build | Palisade Wall |
| 15:17 | Build | Palisade Wall |
| 15:25 | Queue | Fishing Ship |
| 16:31 | Queue | Fishing Ship |
| 16:55 | Build | Mining Camp |
| 17:00 | Queue | Villager (Male) |
| 17:00 | Queue | Villager (Male) |
| 17:07 | Age | Feudal Age |
| 17:16 | Research | Bow Saw |
| 17:31 | Build | Blacksmith |
| 17:40 | Queue | Villager (Male) |
| 17:47 | Research | Gold Mining |
| 18:01 | Build | Mill |
| 18:13 | Queue | Villager (Male) |
| 18:19 | Research | Gillnets |
| 18:27 | Research | Wheelbarrow |
| 18:37 | Research | Gold Shaft Mining |
| 19:32 | Queue | Demolition Raft |
| 19:39 | Queue | Fishing Ship |
| 19:39 | Queue | Fishing Ship |
| 19:44 | Queue | Villager (Male) |
| 19:44 | Queue | Villager (Male) |
| 20:16 | Build | Market |
| 20:18 | Build | House |
| 20:20 | Queue | Villager (Male) |
| 20:35 | Queue | Fishing Ship |
| 21:27 | Build | House |
| 21:28 | Build | House |
| 21:29 | Build | House |
| 21:33 | Queue | Villager (Male) |
| 21:35 | Research | Castle Age |
| 22:06 | Build | Dock |
| 22:14 | Queue | Villager (Male) |
| 22:15 | Queue | Villager (Male) |
| 22:31 | Build | Barracks |
| 22:44 | Build | Palisade Gate |
| 22:50 | Queue | Unit 2626 |
| 22:50 | Queue | Unit 2626 |
| 23:05 | Build | Mill |
| 23:11 | Research | Horse Collar |
| 23:30 | Queue | Villager (Male) |
| 23:47 | Build | Palisade Gate |
| 23:56 | Build | House |
| 23:57 | Build | House |
| 24:20 | Queue | Flemish Militia |
| 24:20 | Queue | Flemish Militia |
| 24:20 | Queue | Flemish Militia |
| 24:31 | Queue | Flemish Militia |
| 24:38 | Research | Stone Mining |
| 24:38 | Age | Castle Age |
| 24:51 | Research | War Galley (upgrade) |
| 24:58 | Queue | Villager (Male) |
| 25:00 | Research | Two-Man Saw |
| 25:29 | Build | Town Center |
| 25:34 | Build | Mining Camp |
| 25:37 | Queue | Villager (Male) |
| 25:37 | Queue | Villager (Male) |
| 26:02 | Research | Heavy Plow |
| 26:08 | Build | House |
| 26:09 | Build | House |
| 26:16 | Queue | Unit 2626 |
| 26:16 | Queue | Unit 2626 |
| 26:20 | Queue | Villager (Male) |
| 26:20 | Queue | Villager (Male) |
| 26:29 | Queue | Galley |
| 26:40 | Queue | Villager (Male) |
| 26:46 | Research | Fletching |
| 27:10 | Build | Town Center |
| 27:21 | Build | Town Center |
| 27:35 | Research | Squires |
| 27:40 | Queue | Villager (Male) |
| 27:40 | Queue | Villager (Male) |
| 27:43 | Research | Stone Shaft Mining |
| 27:45 | Queue | Villager (Male) |
| 27:46 | Queue | Villager (Male) |
| 27:46 | Queue | Villager (Male) |
| 27:53 | Build | House |
| 27:54 | Build | House |
| 27:57 | Build | Siege Workshop |
| 28:02 | Queue | Villager (Male) |
| 28:07 | Build | Siege Workshop |
| 28:12 | Research | Crop Rotation |
| 28:26 | Build | Dock |
| 28:33 | Queue | Villager (Male) |
| 28:37 | Research | Hand Cart |
| 28:43 | Build | Town Center |
| 28:57 | Queue | Battering Ram |
| 29:04 | Queue | Villager (Male) |
| 29:18 | Queue | Unit 2626 |
| 29:21 | Queue | Villager (Male) |
| 29:24 | Queue | Villager (Male) |
| 29:25 | Queue | Villager (Male) |
| 29:25 | Queue | Villager (Male) |
| 29:33 | Queue | Fishing Ship |
| 29:33 | Queue | Fishing Ship |
| 29:49 | Build | Town Center |
| 29:58 | Queue | Battering Ram |
| 30:08 | Queue | Flemish Militia |
| 30:08 | Queue | Flemish Militia |
| 30:15 | Build | Town Center |
| 30:20 | Queue | Villager (Male) |
| 30:25 | Queue | Fishing Ship |
| 30:29 | Queue | Villager (Male) |
| 30:29 | Queue | Villager (Male) |
| 30:54 | Queue | Villager (Male) |
| 30:54 | Queue | Villager (Male) |
Build order — El Osicudo69
First 150 of 457 actions detected
| 0:40 | Build | Town Center |
| 1:41 | Build | Dock |
| 2:56 | Queue | Villager (Male) |
| 2:57 | Queue | Villager (Male) |
| 2:57 | Queue | Villager (Male) |
| 2:58 | Queue | Villager (Male) |
| 2:58 | Queue | Villager (Male) |
| 2:58 | Queue | Villager (Male) |
| 3:02 | Queue | Fishing Ship |
| 3:40 | Queue | Fishing Ship |
| 3:40 | Queue | Fishing Ship |
| 4:11 | Build | House |
| 4:18 | Queue | Villager (Male) |
| 4:18 | Queue | Villager (Male) |
| 4:51 | Queue | Fishing Ship |
| 4:51 | Queue | Fishing Ship |
| 5:01 | Queue | Villager (Male) |
| 5:02 | Queue | Villager (Male) |
| 5:40 | Queue | Villager (Male) |
| 5:41 | Queue | Villager (Male) |
| 5:41 | Queue | Villager (Male) |
| 5:47 | Queue | Fishing Ship |
| 5:51 | Build | House |
| 5:59 | Queue | Villager (Male) |
| 5:59 | Queue | Villager (Male) |
| 6:24 | Queue | Villager (Male) |
| 6:24 | Queue | Villager (Male) |
| 6:32 | Queue | Fishing Ship |
| 6:32 | Queue | Fishing Ship |
| 6:43 | Queue | Villager (Male) |
| 6:43 | Queue | Villager (Male) |
| 7:03 | Queue | Villager (Male) |
| 7:04 | Queue | Villager (Male) |
| 7:10 | Build | House |
| 7:30 | Queue | Villager (Male) |
| 7:52 | Queue | Fishing Ship |
| 7:58 | Queue | Villager (Male) |
| 8:11 | Queue | Villager (Male) |
| 8:13 | Queue | Villager (Male) |
| 8:24 | Build | Mill |
| 8:34 | Research | Loom |
| 8:42 | Queue | Villager (Male) |
| 8:53 | Queue | Villager (Male) |
| 8:58 | Build | House |
| 9:07 | Queue | Fishing Ship |
| 9:15 | Queue | Villager (Male) |
| 9:32 | Queue | Villager (Male) |
| 9:37 | Build | House |
| 9:58 | Queue | Villager (Male) |
| 10:01 | Queue | Villager (Male) |
| 10:13 | Queue | Fishing Ship |
| 10:50 | Build | Mining Camp |
| 10:53 | Research | Feudal Age |
| 13:30 | Age | Feudal Age |
| 13:32 | Queue | Villager (Male) |
| 13:35 | Build | Blacksmith |
| 13:43 | Build | Market |
| 13:47 | Queue | Villager (Male) |
| 14:23 | Research | Castle Age |
| 14:29 | Build | Barracks |
| 15:11 | Build | Lumber Camp |
| 15:28 | Build | Stable |
| 15:52 | Build | House |
| 15:57 | Research | Forging |
| 16:04 | Research | Double-Bit Axe |
| 16:48 | Age | Castle Age |
| 16:54 | Queue | Knight |
| 16:55 | Queue | Knight |
| 16:55 | Queue | Knight |
| 17:02 | Research | Scale Barding Armor |
| 17:03 | Queue | Villager (Male) |
| 17:13 | Build | Town Center |
| 17:22 | Queue | Villager (Male) |
| 17:37 | Queue | Knight |
| 17:37 | Queue | Knight |
| 17:44 | Queue | Villager (Male) |
| 18:03 | Queue | Villager (Male) |
| 18:10 | Build | House |
| 18:42 | Queue | Villager (Male) |
| 18:50 | Build | Town Center |
| 18:55 | Queue | Villager (Male) |
| 18:55 | Queue | Villager (Male) |
| 18:55 | Queue | Villager (Male) |
| 19:00 | Queue | Knight |
| 19:01 | Queue | Knight |
| 19:01 | Queue | Knight |
| 19:12 | Queue | Villager (Male) |
| 19:13 | Queue | Villager (Male) |
| 19:17 | Build | House |
| 19:46 | Queue | Knight |
| 19:49 | Queue | Villager (Male) |
| 19:55 | Build | Stable |
| 20:00 | Build | Farm |
| 20:00 | Build | Farm |
| 20:00 | Build | Farm |
| 20:01 | Build | Farm |
| 20:01 | Build | Farm |
| 20:03 | Build | Farm |
| 20:06 | Build | Farm |
| 20:17 | Queue | Villager (Male) |
| 20:17 | Queue | Villager (Male) |
| 20:17 | Queue | Villager (Male) |
| 20:18 | Queue | Villager (Male) |
| 20:22 | Build | Farm |
| 20:24 | Build | Farm |
| 21:06 | Queue | Knight |
| 21:06 | Queue | Knight |
| 21:20 | Build | Farm |
| 21:23 | Build | Farm |
| 21:25 | Queue | Villager (Male) |
| 21:26 | Queue | Villager (Male) |
| 21:26 | Queue | Villager (Male) |
| 21:28 | Build | Farm |
| 21:29 | Build | Farm |
| 21:29 | Build | Farm |
| 21:29 | Build | Farm |
| 21:29 | Build | Farm |
| 21:30 | Build | Farm |
| 21:44 | Build | Farm |
| 21:45 | Build | Farm |
| 21:47 | Queue | Villager (Male) |
| 21:47 | Queue | Villager (Male) |
| 22:02 | Queue | Villager (Male) |
| 22:02 | Queue | Villager (Male) |
| 22:25 | Queue | Villager (Male) |
| 22:25 | Queue | Villager (Male) |
| 22:35 | Queue | Villager (Male) |
| 22:35 | Queue | Villager (Male) |
| 22:37 | Build | Farm |
| 22:52 | Research | Scale Mail Armor |
| 22:52 | Research | Chain Barding Armor |
| 22:55 | Research | Chain Barding Armor |
| 22:55 | Research | Chain Barding Armor |
| 23:20 | Queue | Villager (Male) |
| 23:20 | Queue | Villager (Male) |
| 23:20 | Queue | Villager (Male) |
| 23:20 | Queue | Villager (Male) |
| 23:21 | Queue | Villager (Male) |
| 23:21 | Queue | Villager (Male) |
| 23:25 | Build | House |
| 23:25 | Build | House |
| 23:26 | Build | House |
| 23:33 | Build | Town Center |
| 23:42 | Queue | Knight |
| 23:42 | Queue | Knight |
| 23:57 | Queue | Villager (Male) |
| 23:57 | Queue | Villager (Male) |
| 23:57 | Queue | Villager (Male) |
| 23:58 | Queue | Villager (Male) |
| 24:02 | Build | Farm |
Build order — Lexa
First 150 of 286 actions detected
| 0:06 | Build | Town Center |
| 1:26 | Build | Dock |
| 2:12 | Build | House |
| 2:32 | Queue | Villager (Male) |
| 2:32 | Queue | Villager (Male) |
| 3:05 | Queue | Villager (Male) |
| 3:05 | Queue | Villager (Male) |
| 3:50 | Build | House |
| 4:13 | Research | Loom |
| 4:20 | Queue | Villager (Male) |
| 4:30 | Queue | Fishing Ship |
| 5:10 | Queue | Fishing Ship |
| 5:18 | Queue | Villager (Male) |
| 5:59 | Queue | Villager (Male) |
| 6:00 | Queue | Villager (Male) |
| 6:26 | Build | House |
| 6:34 | Queue | Villager (Male) |
| 6:34 | Queue | Villager (Male) |
| 6:47 | Queue | Villager (Male) |
| 7:18 | Queue | Villager (Male) |
| 7:18 | Queue | Villager (Male) |
| 7:20 | Queue | Villager (Male) |
| 7:24 | Queue | Fishing Ship |
| 7:24 | Queue | Fishing Ship |
| 7:59 | Queue | Villager (Male) |
| 7:59 | Queue | Villager (Male) |
| 8:00 | Queue | Villager (Male) |
| 8:15 | Queue | Villager (Male) |
| 8:15 | Queue | Villager (Male) |
| 8:44 | Queue | Villager (Male) |
| 8:48 | Queue | Villager (Male) |
| 8:57 | Build | House |
| 9:01 | Build | House |
| 9:03 | Queue | Fishing Ship |
| 9:30 | Queue | Villager (Male) |
| 9:50 | Build | Mill |
| 10:41 | Queue | Villager (Male) |
| 10:43 | Build | House |
| 11:01 | Build | Lumber Camp |
| 11:25 | Queue | Villager (Male) |
| 11:46 | Research | Feudal Age |
| 12:00 | Build | Mining Camp |
| 12:16 | Queue | Villager (Male) |
| 12:24 | Build | House |
| 12:26 | Build | House |
| 12:27 | Build | Palisade Wall |
| 13:04 | Build | Dock |
| 13:08 | Queue | Villager (Male) |
| 13:15 | Queue | Villager (Male) |
| 13:41 | Queue | Villager (Male) |
| 13:44 | Build | House |
| 14:01 | Queue | Villager (Male) |
| 14:04 | Age | Feudal Age |
| 14:08 | Research | Double-Bit Axe |
| 14:13 | Queue | Villager (Male) |
| 14:16 | Queue | Villager (Male) |
| 14:21 | Queue | Fire Galley |
| 14:21 | Queue | Fire Galley |
| 14:47 | Queue | Villager (Male) |
| 15:31 | Queue | Fire Galley |
| 15:31 | Queue | Fire Galley |
| 15:38 | Queue | Villager (Male) |
| 16:06 | Queue | Villager (Male) |
| 16:34 | Queue | Villager (Male) |
| 16:39 | Research | Town Watch |
| 16:52 | Build | Blacksmith |
| 17:00 | Research | Gold Mining |
| 17:08 | Build | Barracks |
| 17:17 | Queue | Villager (Male) |
| 17:23 | Queue | Villager (Male) |
| 17:51 | Build | Mining Camp |
| 18:03 | Build | Archery Range |
| 18:37 | Research | Castle Age |
| 19:06 | Queue | Fire Galley |
| 19:06 | Queue | Fire Galley |
| 19:23 | Queue | Villager (Male) |
| 19:27 | Queue | Spearman |
| 19:31 | Build | House |
| 19:36 | Build | Palisade Wall |
| 19:42 | Build | Palisade Gate |
| 19:49 | Build | Palisade Wall |
| 19:52 | Queue | Villager (Male) |
| 20:11 | Queue | Villager (Male) |
| 20:45 | Queue | Spearman |
| 20:49 | Research | Forging |
| 20:50 | Research | Scale Mail Armor |
| 20:53 | Build | House |
| 20:56 | Build | House |
| 21:09 | Build | House |
| 21:17 | Age | Castle Age |
| 21:21 | Build | House |
| 21:22 | Build | House |
| 21:23 | Queue | Villager (Male) |
| 21:24 | Queue | Spearman |
| 21:29 | Queue | Villager (Male) |
| 21:45 | Build | House |
| 22:00 | Research | Pikeman (upgrade) |
| 22:01 | Queue | Skirmisher |
| 22:11 | Queue | Villager (Male) |
| 22:24 | Queue | Villager (Male) |
| 22:25 | Queue | Villager (Male) |
| 22:39 | Queue | Villager (Male) |
| 22:51 | Build | Town Center |
| 22:53 | Queue | Militia |
| 23:01 | Queue | Archer |
| 23:12 | Queue | Spearman |
| 23:23 | Research | Iron Casting |
| 23:23 | Research | Chain Mail Armor |
| 23:37 | Queue | Militia |
| 23:49 | Queue | Spearman |
| 23:56 | Queue | Villager (Male) |
| 24:34 | Build | House |
| 24:45 | Queue | Villager (Male) |
| 24:45 | Queue | Villager (Male) |
| 24:45 | Queue | Villager (Male) |
| 24:58 | Queue | Villager (Male) |
| 25:49 | Research | War Galley (upgrade) |
| 26:06 | Queue | Fire Galley |
| 26:08 | Queue | Villager (Male) |
| 26:08 | Queue | Villager (Male) |
| 26:38 | Build | Castle |
| 26:43 | Build | House |
| 26:44 | Queue | Villager (Male) |
| 26:44 | Queue | Villager (Male) |
| 27:58 | Build | Farm |
| 27:58 | Build | Farm |
| 27:59 | Build | Farm |
| 27:59 | Build | Farm |
| 27:59 | Build | Farm |
| 27:59 | Build | Farm |
| 28:00 | Build | Farm |
| 28:02 | Queue | Genoese Crossbowman |
| 28:02 | Queue | Genoese Crossbowman |
| 28:18 | Queue | Fire Galley |
| 28:18 | Queue | Fire Galley |
| 29:05 | Queue | Archer |
| 29:05 | Queue | Villager (Male) |
| 29:34 | Queue | Villager (Male) |
| 29:35 | Queue | Villager (Male) |
| 29:55 | Queue | Villager (Male) |
| 29:59 | Queue | Genoese Crossbowman |
| 30:06 | Build | Farm |
| 30:06 | Build | Farm |
| 30:06 | Build | Farm |
| 30:07 | Build | Farm |
| 30:07 | Build | Farm |
| 30:07 | Build | Farm |
| 30:12 | Queue | Spearman |
| 30:13 | Queue | Spearman |
| 30:14 | Queue | Genoese Crossbowman |
Build order — AiM | Foreign Dish
First 150 of 490 actions detected
| 0:28 | Build | Town Center |
| 2:35 | Build | Dock |
| 2:51 | Queue | Villager (Male) |
| 2:52 | Queue | Villager (Male) |
| 2:56 | Queue | Villager (Male) |
| 2:56 | Queue | Villager (Male) |
| 3:13 | Queue | Fishing Ship |
| 4:16 | Queue | Fishing Ship |
| 4:16 | Queue | Fishing Ship |
| 4:26 | Build | House |
| 4:31 | Research | Loom |
| 4:35 | Build | Palisade Wall |
| 4:36 | Build | Palisade Wall |
| 4:50 | Queue | Villager (Male) |
| 4:50 | Queue | Villager (Male) |
| 4:50 | Queue | Villager (Male) |
| 4:50 | Queue | Villager (Male) |
| 4:51 | Queue | Villager (Male) |
| 5:16 | Queue | Fishing Ship |
| 5:41 | Queue | Villager (Male) |
| 5:41 | Queue | Villager (Male) |
| 5:41 | Queue | Villager (Male) |
| 5:42 | Queue | Villager (Male) |
| 6:01 | Queue | Fishing Ship |
| 6:01 | Queue | Fishing Ship |
| 6:12 | Build | House |
| 6:30 | Queue | Fishing Ship |
| 6:30 | Queue | Fishing Ship |
| 6:33 | Queue | Villager (Male) |
| 6:53 | Build | House |
| 7:06 | Queue | Villager (Male) |
| 7:15 | Queue | Villager (Male) |
| 7:18 | Queue | Villager (Male) |
| 7:40 | Queue | Villager (Male) |
| 7:40 | Queue | Villager (Male) |
| 7:40 | Queue | Villager (Male) |
| 7:40 | Queue | Villager (Male) |
| 7:55 | Queue | Fishing Ship |
| 8:02 | Build | House |
| 8:05 | Build | House |
| 8:24 | Queue | Villager (Male) |
| 8:29 | Build | Palisade Wall |
| 8:46 | Build | Lumber Camp |
| 8:48 | Queue | Villager (Male) |
| 8:53 | Build | Palisade Wall |
| 8:54 | Build | Palisade Wall |
| 8:55 | Queue | Villager (Male) |
| 9:19 | Build | Palisade Wall |
| 9:43 | Queue | Fishing Ship |
| 9:51 | Build | House |
| 10:05 | Build | House |
| 10:16 | Build | House |
| 10:18 | Queue | Villager (Male) |
| 10:20 | Build | House |
| 10:32 | Build | House |
| 10:57 | Research | Feudal Age |
| 11:01 | Build | Dock |
| 11:19 | Build | House |
| 11:22 | Build | House |
| 11:36 | Build | Mining Camp |
| 11:49 | Queue | Fishing Ship |
| 11:49 | Queue | Fishing Ship |
| 12:05 | Build | House |
| 12:30 | Queue | Villager (Male) |
| 12:33 | Build | House |
| 12:46 | Build | Palisade Wall |
| 13:07 | Age | Feudal Age |
| 13:12 | Build | Blacksmith |
| 13:15 | Queue | Galley |
| 13:15 | Queue | Galley |
| 13:16 | Queue | Galley |
| 13:16 | Queue | Galley |
| 13:19 | Research | Double-Bit Axe |
| 13:20 | Research | Double-Bit Axe |
| 13:34 | Build | Palisade Wall |
| 13:34 | Queue | Villager (Male) |
| 13:39 | Queue | Villager (Male) |
| 13:45 | Queue | Villager (Male) |
| 13:45 | Queue | Villager (Male) |
| 13:48 | Queue | Villager (Male) |
| 13:48 | Queue | Villager (Male) |
| 13:55 | Build | Palisade Wall |
| 14:03 | Queue | Villager (Male) |
| 14:04 | Queue | Villager (Male) |
| 14:09 | Queue | Villager (Male) |
| 14:14 | Queue | Galley |
| 14:14 | Queue | Galley |
| 14:14 | Queue | Galley |
| 14:27 | Research | Fletching |
| 14:27 | Research | Fletching |
| 14:31 | Queue | Galley |
| 14:31 | Queue | Galley |
| 14:37 | Build | Palisade Wall |
| 14:37 | Queue | Villager (Male) |
| 14:40 | Build | Palisade Wall |
| 14:49 | Queue | Galley |
| 14:49 | Queue | Galley |
| 14:51 | Queue | Villager (Male) |
| 15:03 | Queue | Villager (Male) |
| 15:31 | Queue | Galley |
| 15:31 | Queue | Galley |
| 15:32 | Queue | Galley |
| 15:34 | Queue | Villager (Male) |
| 15:58 | Queue | Galley |
| 15:59 | Queue | Galley |
| 16:17 | Build | Palisade Wall |
| 16:20 | Build | House |
| 16:20 | Build | House |
| 16:37 | Queue | Galley |
| 16:37 | Queue | Galley |
| 16:54 | Build | House |
| 16:54 | Build | House |
| 16:55 | Build | House |
| 16:58 | Queue | Villager (Male) |
| 16:58 | Queue | Villager (Male) |
| 16:58 | Queue | Villager (Male) |
| 17:03 | Build | Mill |
| 17:14 | Queue | Galley |
| 17:18 | Queue | Villager (Male) |
| 17:24 | Build | House |
| 17:26 | Build | Palisade Wall |
| 17:27 | Build | Palisade Wall |
| 18:05 | Queue | Villager (Male) |
| 18:24 | Queue | Villager (Male) |
| 18:27 | Build | Farm |
| 18:27 | Build | Farm |
| 18:27 | Build | Farm |
| 18:28 | Build | Farm |
| 18:28 | Build | Farm |
| 19:09 | Queue | Unit 2626 |
| 19:09 | Queue | Unit 2626 |
| 19:16 | Queue | Villager (Male) |
| 20:11 | Build | House |
| 20:13 | Build | House |
| 20:13 | Build | House |
| 20:17 | Queue | Villager (Male) |
| 20:17 | Queue | Villager (Male) |
| 20:18 | Queue | Fishing Ship |
| 20:18 | Queue | Fishing Ship |
| 20:39 | Research | Wheelbarrow |
| 21:03 | Build | Dock |
| 21:09 | Queue | Villager (Male) |
| 21:20 | Build | House |
| 21:21 | Build | House |
| 21:47 | Build | Market |
| 22:01 | Queue | Villager (Male) |
| 22:18 | Build | Farm |
| 22:22 | Build | Farm |
| 22:22 | Build | Farm |
| 22:22 | Build | Farm |
Match timeline
| 0:23 | KhalDrogo · first_building Dock |
| 0:37 | [GDL] R_Oak · first_building Dock |
| 1:02 | _Ctm_NeO_ · first_building Dock |
| 1:26 | Lexa · first_building Dock |
| 1:41 | El Osicudo69 · first_building Dock |
| 1:53 | Eldiano · first_building Dock |
| 2:35 | AiM | Foreign Dish · first_building Dock |
| 3:33 | Barbaren · first_building Dock |
| 4:35 | AiM | Foreign Dish · wall_segment Palisade Wall x1 |
| 4:36 | AiM | Foreign Dish · wall_segment Palisade Wall x1 |
| 8:29 | AiM | Foreign Dish · wall_segment Palisade Wall x1 |
| 8:53 | AiM | Foreign Dish · wall_segment Palisade Wall x2 |
| 8:54 | AiM | Foreign Dish · wall_segment Palisade Wall x2 |
| 9:19 | AiM | Foreign Dish · wall_segment Palisade Wall x3 |
| 10:36 | [GDL] R_Oak · wall_segment Palisade Wall x12 |
| 10:48 | Barbaren · wall_segment Palisade Wall x6 |
| 11:03 | KhalDrogo · wall_segment Palisade Wall x5 |
| 12:23 | Eldiano · first_building Barracks |
| 12:27 | Lexa · wall_segment Palisade Wall x1 |
| 12:30 | KhalDrogo · wall_segment Palisade Wall x7 |
| 12:41 | [GDL] R_Oak · wall_segment Palisade Wall x1 |
| 12:46 | AiM | Foreign Dish · wall_segment Palisade Wall x6 |
| 12:51 | [GDL] R_Oak · wall_segment Palisade Wall x1 |
| 12:56 | Eldiano · age_up feudal |
| 13:00 | KhalDrogo · age_up feudal |
| 13:02 | [GDL] R_Oak · wall_segment Palisade Wall x1 |
| 13:06 | [GDL] R_Oak · age_up feudal |
| 13:07 | AiM | Foreign Dish · age_up feudal |
| 13:30 | El Osicudo69 · age_up feudal |
| 13:32 | KhalDrogo · wall_segment Palisade Wall x4 |
| 13:34 | AiM | Foreign Dish · wall_segment Palisade Wall x5 |
| 13:55 | _Ctm_NeO_ · age_up feudal |
| 13:55 | AiM | Foreign Dish · wall_segment Palisade Wall x4 |
| 14:04 | Lexa · age_up feudal |
| 14:09 | KhalDrogo · wall_segment Palisade Wall x5 |
| 14:17 | KhalDrogo · wall_segment Palisade Wall x6 |
| 14:29 | El Osicudo69 · first_building Barracks |
| 14:37 | AiM | Foreign Dish · wall_segment Palisade Wall x6 |
| 14:40 | AiM | Foreign Dish · wall_segment Palisade Wall x7 |
| 14:57 | Eldiano · first_building Archery Range |
| 15:14 | Barbaren · wall_segment Palisade Wall x10 |
| 15:16 | Barbaren · wall_segment Palisade Wall x1 |
| 15:17 | Barbaren · wall_segment Palisade Wall x1 |
| 15:28 | El Osicudo69 · first_building Stable |
| 16:17 | AiM | Foreign Dish · wall_segment Palisade Wall x1 |
| 16:48 | El Osicudo69 · age_up castle |
| 17:05 | [GDL] R_Oak · age_up castle |
| 17:07 | Barbaren · age_up feudal |
| 17:08 | Lexa · first_building Barracks |
| 17:10 | KhalDrogo · first_market_buy 100 food |
| 17:26 | AiM | Foreign Dish · wall_segment Palisade Wall x3 |
| 17:27 | AiM | Foreign Dish · wall_segment Palisade Wall x5 |
| 18:03 | Lexa · first_building Archery Range |
| 18:14 | [GDL] R_Oak · first_building Castle |
| 18:17 | Eldiano · age_up castle |
| 18:18 | KhalDrogo · first_market_sell 100 wood |
| 19:01 | KhalDrogo · first_building Barracks |
| 19:36 | Lexa · wall_segment Palisade Wall x7 |
| 19:49 | Lexa · wall_segment Palisade Wall x4 |
| 20:02 | KhalDrogo · first_building Archery Range |
| 21:17 | Lexa · age_up castle |
| 21:31 | KhalDrogo · age_up castle |
| 22:05 | Eldiano · wall_segment Palisade Wall x9 |
| 22:31 | Barbaren · first_building Barracks |
| 22:39 | El Osicudo69 · first_market_buy 100 food |
| 23:28 | El Osicudo69 · first_market_sell 100 wood |
| 23:35 | KhalDrogo · wall_segment Palisade Wall x1 |
| 23:40 | _Ctm_NeO_ · tribute_sent a jugador 1 |
| 23:40 | _Ctm_NeO_ · tribute_sent a jugador 2 |
| 23:40 | _Ctm_NeO_ · tribute_sent a jugador 3 |
| 23:40 | _Ctm_NeO_ · tribute_sent a jugador 5 |
| 23:40 | _Ctm_NeO_ · tribute_sent a jugador 6 |
| 23:40 | _Ctm_NeO_ · tribute_sent a jugador 7 |
| 23:40 | _Ctm_NeO_ · tribute_sent a jugador 8 |
| 23:51 | AiM | Foreign Dish · wall_segment Palisade Wall x11 |
| 24:04 | KhalDrogo · first_building Siege Workshop |
| 24:38 | Barbaren · age_up castle |
| 24:50 | AiM | Foreign Dish · wall_segment Stone Wall x1 |
| 25:06 | AiM | Foreign Dish · age_up castle |
| 25:12 | AiM | Foreign Dish · wall_segment Palisade Wall x6 |
| 26:34 | Eldiano · first_building Castle |
| 26:38 | Lexa · first_building Castle |
| 27:17 | AiM | Foreign Dish · first_building Castle |
| 27:38 | AiM | Foreign Dish · first_market_sell 500 food |
| 27:40 | AiM | Foreign Dish · first_market_buy 100 wood |
| 27:57 | Barbaren · first_building Siege Workshop |
| 28:09 | AiM | Foreign Dish · wall_segment Stone Wall x8 |
| 30:01 | KhalDrogo · first_building Monastery |
| 30:08 | AiM | Foreign Dish · wall_segment Stone Wall x6 |
| 30:20 | AiM | Foreign Dish · wall_segment Stone Wall x2 |
| 30:25 | AiM | Foreign Dish · first_building Siege Workshop |
| 30:27 | El Osicudo69 · first_building Castle |
| 30:28 | KhalDrogo · first_building Stable |
| 31:04 | Barbaren · first_building Monastery |
| 31:09 | [GDL] R_Oak · wall_segment Palisade Wall x1 |
| 31:12 | [GDL] R_Oak · wall_segment Palisade Wall x1 |
| 31:14 | AiM | Foreign Dish · first_building Barracks |
| 32:02 | AiM | Foreign Dish · age_up imperial |
| 32:03 | AiM | Foreign Dish · wall_segment Stone Wall x4 |
| 32:17 | AiM | Foreign Dish · first_building Archery Range |
| 32:44 | [GDL] R_Oak · first_building Barracks |
| 33:11 | Lexa · first_building Monastery |
| 33:41 | Lexa · first_market_buy 100 food |
| 34:48 | Lexa · wall_segment Stone Wall x1 |
| 35:23 | El Osicudo69 · age_up imperial |
| 37:34 | El Osicudo69 · first_building Archery Range |
| 37:48 | [GDL] R_Oak · first_building Archery Range |
| 38:23 | Barbaren · first_building Castle |
| 39:23 | [GDL] R_Oak · age_up imperial |
| 39:45 | KhalDrogo · first_building Castle |
| 40:04 | Barbaren · age_up imperial |
| 41:16 | KhalDrogo · age_up imperial |
| 43:13 | Lexa · age_up imperial |
| 44:07 | Eldiano · first_market_buy 100 food |
| 44:40 | Eldiano · first_building Siege Workshop |
| 46:19 | Eldiano · first_market_sell 100 wood |
| 46:23 | Lexa · resign |
[ AI ANALYSIS · 1 CREDIT ]
What really happened in this match?
Wolo.gg analyzes every decision: build order, eco, micro, common mistakes by bracket. Personalized analysis on WhatsApp or Discord in 30 seconds.
Civ guide
Italians
Perfil
Jugador #3404978